 Dungeon Crawl Stone Soup version 0.21.1-1-g345015fe64 (webtiles) character file.

57 Kohma the Sneak (level 3, -4/16 HPs)
             Began as a Spriggan Enchanter on June 27, 2018.
             Slain by Sigmund
             ... wielding a +0 scythe
              (9 damage)
             ... on level 2 of the Dungeon.
             The game lasted 00:06:17 (1829 turns).

Kohma the Sneak (Spriggan Enchanter)                Turns: 1829, Time: 00:06:17

Health: -4/16      AC:  2    Str:  5    XL:     3   Next: 73%
Magic:  2/8        EV: 20    Int: 16    God:
Gold:   116        SH:  0    Dex: 16    Spells: 2/8 levels left

rFire    . . .     SeeInvis +   a - +1 dagger
rCold    . . .     Gourm    .   (shield restricted)
rNeg     . . .     Faith    .   b - +0 robe
rPois    .         Spirit   .   (helmet restricted)
rElec    .         Reflect  .   (no cloak)
rCorr    .         Harm     .   (gloves unavailable)
MR       .....                  (boots unavailable)
Stlth    +++.......             (no amulet)
HPRegen  0.05/turn              (no ring)
MPRegen  0.11/turn              (no ring)

@: very quick
A: very small, unfitting armour, see invisible, herbivore, speed 3, slow
metabolism 2
a: no special abilities


You were on level 2 of the Dungeon.
You were not hungry.

You visited 1 branch of the dungeon, and saw 2 of its levels.

You collected 116 gold pieces.

Inventory:

Hand Weapons
 a - a +1 dagger (weapon)
Missiles
 g - 89 stones (quivered)
 p - 25 arrows
Armour
 b - a +0 robe (worn)
Scrolls
 e - a scroll of remove curse {unknown}
 f - 2 scrolls of identify {unknown}
 j - a scroll of immolation {unknown}
 k - 2 scrolls of enchant weapon {unknown}
 m - a scroll of teleportation {unknown}
 n - a scroll of amnesia {unknown}
 q - a scroll of magic mapping {unknown}
 r - a scroll of blinking {unknown}
Potions
 h - 3 potions of berserk rage {unknown}
 i - 3 potions of flight {unknown}
 l - a potion of lignification {unknown}
 o - a potion of agility {unknown}
Books
 c - a book of Maledictions

   Spells                             Type                      Level
   a - Corona                         Hexes                        1
   b - Ensorcelled Hibernation        Hexes/Ice                    2
   c - Confuse                        Hexes                        3
   d - Tukima's Dance                 Hexes                        3
   e - Dazzling Spray                 Conjuration/Hexes            3
Comestibles
 d - 5 rations


   Skills:
 - Level 1.1 Short Blades
 * Level 4.6 Dodging
 - Level 5.0 Stealth
 + Level 3.1 Spellcasting
 + Level 4.2 Hexes


You had 2 spell levels left.
You knew the following spells:

 Your Spells              Type           Power        Failure   Level  Hunger
a - Corona                Hex            ###....      3%          1    None
b - Ensorcelled Hibernat  Hex/Ice        #.....       12%         2    ##.....
c - Confuse               Hex            ###.....     10%         3    ###....


Dungeon Overview and Level Annotations

Branches:
Dungeon (2/15)

Altars:
Sif Muna

Annotations:
D:2 Sigmund


Innate Abilities, Weirdness & Mutations

You are very small and have problems with some larger weapons.
You are too small for most types of armour.
You have supernaturally acute eyesight. (SInv)
You are a herbivore.
You cover ground extremely quickly.
You need consume almost no food.


Message History

Confirm with . or Enter, or press ? or * to list all spells.
Aiming: Ensorcelled Hibernation
Press: ? - help, Shift-Dir - straight line, f - you That would be overly suicidal.
Okay, then.
Casting: Ensorcelled Hibernation
Confirm with . or Enter, or press ? or * to list all spells.
Aiming: Corona
Press: ? - help, Shift-Dir - straight line, f - Sigmund
Aim: Sigmund, wielding a scythe and wearing a robe (heavily wounded, slightly transparent, chance to defeat MR: 62%) Sigmund is outlined in light.
Casting: Corona
Confirm with . or Enter, or press ? or * to list all spells.
Aiming: Confuse
Press: ? - help, Shift-Dir - straight line, f/p - Sigmund
Aim: Sigmund, wielding a scythe and wearing a robe (heavily wounded, softly glowing, slightly transparent, chance to defeat MR: 55%) Sigmund resists with significant effort.
Sigmund hits you with a scythe!
Ouch! That really hurt!
You die...

#######.### #..........
###### #.####..###
##....# #.# #.....
#...#.# #.# #.....
#...#.# #.# #.#.#.
#...#.# #.# #.....
#...#.#######.########.
#...#.@@..[.....#....รท.
#...######.######.####.
#...# #.....# #.#....
#...# #.....# #.#<#..
#...# #.....# #.###..
#...# #.....####.#....
#...# #..........#.###
##'## #.....######.#..
#_# ###.#.# #.#.#


You could see Sigmund (invisible).

Vanquished Creatures
  2 oozes
  2 dart slugs
  A ball python (D:1)
  5 bats
  2 giant cockroaches
  5 goblins
  7 hobgoblins
  A quokka (D:2)
  8 kobolds
  7 rats
40 creatures vanquished.

Notes
Turn   | Place    | Note
-------+----------+-------------------------------------------
     0 | D:1      | Kohma the Spriggan Enchanter began the quest for the Orb.
     0 | D:1      | Reached XP level 1. HP: 9/9 MP: 5/5
   144 | D:1      | Reached XP level 2. HP: 13/13 MP: 4/6
   148 | D:1      | Learned a level 2 spell: Ensorcelled Hibernation
   521 | D:1      | Reached skill level 5 in Stealth
  1129 | D:1      | Reached XP level 3. HP: 16/16 MP: 8/8
  1197 | D:2      | Learned a level 3 spell: Confuse
  1749 | D:2      | Noticed Sigmund
  1798 | D:2      | Found a deep blue altar of Sif Muna.
  1829 | D:2      | Slain by Sigmund

Skill      XL: |  1  2  3 |
---------------+----------+-----
Stealth        | 5 |  5.0
Dodging        | 4 |  4.6
Hexes          | 4 |  4.2
Spellcasting   | 3 |  3.1
Short Blades   | |  1.1

Action                   || total
-------------------------++-------
Melee: Dagger            ||    81
 Cast: Corona            ||     3
       Ensorcelled Hiber ||    20
       Confuse           ||     1
 Stab: Sleeping          ||    32
Armor: Robe              ||     4
Dodge: Dodged            ||    55
